 Dungeon Crawl Stone Soup version 0.22.1-1-ga44c0e5 (webtiles) character file.

20745 lysyklops the Fighter (level 12, 0/80 HPs)
             Began as a Gargoyle Fighter on Sept 30, 2018.
             Was an Elder of the Shining One.
             Slain by a spiny frog (13 damage)
             ... on level 3 of the Lair of Beasts.
             The game lasted 00:30:25 (15883 turns).

lysyklops the Fighter (Gargoyle Fighter)           Turns: 15883, Time: 00:30:26

Health: 0/80       AC: 25    Str: 25    XL:     12   Next: 82%
Magic:  16/16      EV:  7    Int:  9    God:    the Shining One [****..]
Gold:   757        SH: 12    Dex:  9    Spells: 11/11 levels left

rFire    . . .     SeeInvis .   B - +4 flail
rCold    + . .     Gourm    .   c - +0 shield
rNeg     + + +     Faith    .   D - +0 plate armour
rPois    ∞         Spirit   .   b - +0 hat
rElec    +         Reflect  .   (no cloak)
rCorr    .         Harm     .   (no gloves)
MR       .....                  J - +0 pair of boots
Stlth    ..........             G - amulet of magic regeneration
HPRegen  0.23/turn              y - ring of protection from cold
MPRegen  0.40/turn              (no ring)

@: glowing
A: negative energy resistance 1, electricity resistance, unbreathing,
petrification resistance, rot immunity, AC +8
a: Divine Shield, Cleansing Flame, Renounce Religion


You were on level 3 of the Lair of Beasts.
You worshipped the Shining One.
The Shining One was greatly pleased with you.
You were very hungry.

You visited 3 branches of the dungeon, and saw 14 of its levels.

You collected 757 gold pieces.

Inventory:

Hand Weapons
 B - a +4 flail (weapon)
Armour
 b - a +0 hat (worn)
 c - a +0 shield (worn)
 D - a +0 plate armour (worn)
 J - a +0 pair of boots (worn)
Jewellery
 y - a ring of protection from cold (left hand)
 G - an amulet of magic regeneration (around neck)
 K - an uncursed amulet of harm
Wands
 a - a wand of flame (22)
 r - a wand of digging (44)
 w - a wand of disintegration (28)
 F - a wand of iceblast (8)
 H - a wand of acid (12)
 I - a wand of enslavement (11)
Scrolls
 g - 3 scrolls of fear
 h - 2 scrolls of identify
 i - 3 scrolls of enchant weapon
 j - 5 scrolls of teleportation {unknown}
 k - a scroll of fog {unknown}
 l - 2 scrolls of amnesia {unknown}
 q - a scroll of blinking {unknown}
 s - 8 scrolls of remove curse
 t - 5 scrolls of immolation {unknown}
 C - 2 scrolls of vulnerability {unknown}
 E - a scroll of magic mapping {unknown}
 L - a scroll of torment {unknown}
 M - a scroll of random uselessness {unknown}
Potions
 d - a potion of might
 e - a potion of invisibility
 m - a potion of heal wounds
 n - a potion of mutation
 o - a potion of agility {unknown}
 p - 3 potions of curing
 u - 2 potions of haste
 v - a potion of lignification
 x - 2 potions of flight
 z - a potion of magic
 A - a potion of berserk rage
Comestibles
 f - 14 rations


   Skills:
 + Level 11.4 Fighting
 + Level 10.3 Maces & Flails
 + Level 11.4 Armour
 + Level 11.4 Shields
 + Level 6.4 Invocations


You had 11 spell levels left.
You didn't know any spells.
Your spell library contained the following spells:

 Spells                   Type           Power        Failure   Level  Hunger
 Beastly Appendage        Tmut           #.....       99%         1    ##.....
 Sandblast                Erth           #.....       99%         1    ##.....
 Passwall                 Tmut/Erth      #.......     100%        2    ###....
 Sticks to Snakes         Tmut           #.......     100%        2    ###....
 Spider Form              Tmut/Pois      #.........   100%        3    ####...
 Stone Arrow              Conj/Erth      #.....       100%        3    ####...
 Ice Form                 Ice/Tmut       #.......     100%        4    #####..
 Petrify                  Tmut/Erth      #.......     100%        4    #####..
 Blade Hands              Tmut           #.........   100%        5    ######.
 Lee's Rapid Deconstruct  Erth           #.........   100%        5    ######.


Dungeon Overview and Level Annotations

Branches:
Dungeon (10/15)            Temple (1/1) D:6            Lair (3/6) D:8
    Orc (0/2) D:9
  Swamp: Lair:2-4    Shoals: Lair:2-4     Snake: Lair:2-4    Spider: Lair:2-4

Altars:
Ashenzari
Cheibriados
Dithmenos
Elyvilon
Fedhas
Gozag
Hepliaklqana
Kikubaaqudgha
Makhleb
Nemelex Xobeh
Okawaru
Qazlal
Ru
Sif Muna
Trog
Uskayaw
Vehumet
Wu Jian
Xom
Yredelemnul
Zin
The Shining One

Shops:
D:9 [(

Annotations:
D:6 2 transporters


Innate Abilities, Weirdness & Mutations

You are resistant to torment.
Your stone body is resilient. (AC +8)
You are immune to poison.
You resist negative energy. (rN+)
You are resistant to electric shocks. (rElec)
You can survive without breathing.
You are immune to petrification.
You are immune to rotting.


Message History

The spiny frog is heavily wounded.
You block the spiny frog's attack.
You closely miss the spiny frog.
The spiny frog is heavily wounded.
You block the spiny frog's attack. The spiny frog stings you.
* * * LOW HITPOINT WARNING * * *
You hit the spiny frog.
The spiny frog is heavily wounded.
The spiny frog barely misses you.
Your shield and plate armour prevent you from hitting the spiny frog.
The spiny frog is heavily wounded.
The spiny frog stings you! The Shining One protects you from harm!
You barely miss the spiny frog.
The spiny frog is heavily wounded.
The spiny frog barely misses you.
You thump the spiny frog!
The spiny frog is almost dead.
The spiny frog stings you!
You die...

#P...... #...†.# #..†.?#
#P....## # #P....P#
.....#.#......#
.............## .
.............#######....
..............FF@.......
.≈≈............###.####.
≈≈≈≈≈....#....## #
≈≈≈≈≈≈......#.#
.≈≈≈≈≈.....>..##
≈≈≈≈≈≈.........#
.≈≈≈≈≈..+>..#.##
≈≈≈≈≈≈..#...#.##
≈≈≈≈≈...##.#...##


You could see a spiny frog and a bullfrog.

Vanquished Creatures
  A hydra (Lair:3)
  2 two-headed ogres
  Erica (D:10)
  Nergalle (D:10)
  4 black mambas
  5 spiny frogs
  2 efreet (D:10)
  4 komodo dragons
  2 trolls
  A merfolk (D:10)
  A hippogriff (Lair:1)
  9 blink frogs
  A wyvern (D:9)
  24 yaks
  Eustachio (D:4)
  A hungry ghost (D:8)
  2 water moccasins
  Duvessa (D:5)
  A black bear (D:10)
  10 porcupines
  2 ice beasts
  6 orc warriors
  A sky beast (D:10)
  2 phantoms
  5 wolves (Lair:2)
  3 eyes of draining
  3 ogres
  4 centaurs
  3 crocodiles (Lair:2)
  2 big kobolds (D:7)
  6 bullfrogs
  A wyvern zombie (D:8)
  Dowan (D:5)
  3 scorpions
  8 killer bees
  14 wights
  4 howler monkeys
  5 crimson imps
  2 bullfrog zombies
  5 hounds
  7 orc priests
  A centaur skeleton (D:5)
  5 orc wizards
  4 iguanas
  2 bullfrog skeletons (D:5)
  3 worker ants
  A killer bee zombie (D:10)
  A hound zombie (D:9)
  A worker ant zombie (D:8)
  Robin (D:4)
  4 gnolls
  9 adders
  A howler monkey skeleton (D:7)
  4 shadow imps
  An ooze (D:2)
  2 adder zombies
  An adder skeleton (D:3)
  3 worms (D:2)
  6 leopard geckos
  28 orcs
  2 ball pythons
  5 giant cockroaches
  22 goblins
  11 hobgoblins
  6 jackals
  5 quokkas
  13 bats
  2 frilled lizards (D:3)
  18 kobolds
  A quokka zombie (D:7)
  7 rats
331 creatures vanquished.

Vanquished Creatures (others)
  2 fungi
  9 plants
11 creatures vanquished.

Grand Total: 342 creatures vanquished

Notes
Turn   | Place    | Note
-------+----------+-------------------------------------------
     0 | D:1      | lysyklops the Gargoyle Fighter began the quest for the Orb.
     0 | D:1      | Reached XP level 1. HP: 14/14 MP: 1/1
   204 | D:1      | Reached XP level 2. HP: 19/19 MP: 2/2
   795 | D:2      | Reached XP level 3. HP: 22/24 MP: 3/3
  1187 | D:1      | Reached XP level 4. HP: 18/29 MP: 4/4
  2084 | D:3      | Reached XP level 5. HP: 30/33 MP: 5/5
  2792 | D:4      | Reached XP level 6. HP: 35/39 MP: 6/6
  2879 | D:4      | Noticed Eustachio
  3384 | D:4      | Killed Eustachio
  3384 | D:4      | Reached skill level 5 in Fighting
  3384 | D:4      | Reached skill level 5 in Armour
  3384 | D:4      | Reached skill level 5 in Shields
  3384 | D:4      | Reached XP level 7. HP: 21/44 MP: 7/7
  4303 | D:4      | Noticed Robin
  4317 | D:4      | Killed Robin
  4412 | D:5      | Entered Level 5 of the Dungeon
  4635 | D:5      | Reached XP level 8. HP: 51/51 MP: 8/8
  5326 | D:5      | Noticed Duvessa
  5326 | D:5      | Noticed Dowan
  5344 | D:5      | Killed Duvessa
  5344 | D:5      | Reached skill level 5 in Maces & Flails
  5354 | D:5      | Killed Dowan
  5836 | D:6      | Found a staircase to the Ecumenical Temple.
  5847 | Temple   | Entered the Ecumenical Temple
  5852 | Temple   | Became a worshipper of the Shining One
  6321 | D:6      | Found a transporter.
  6361 | D:6      | Found a transporter.
  6616 | D:7      | Reached XP level 9. HP: 49/56 MP: 9/9
  6621 | D:7      | Reached * piety under the Shining One
  7630 | D:8      | Found a radiant altar of Vehumet.
  7797 | D:8      | Noticed a two-headed ogre
  8335 | D:8      | Killed a two-headed ogre
  8743 | D:8      | Reached ** piety under the Shining One
  8752 | D:8      | Reached XP level 10. HP: 48/64 MP: 10/10
  9028 | D:8      | Found a staircase to the Lair.
  9575 | D:9      | Found an opulent altar of Gozag.
  9788 | D:9      | Found Kojevah's Weapon Shoppe.
  9788 | D:9      | Found a staircase to the Orcish Mines.
 10401 | D:9      | Reached *** piety under the Shining One
 10483 | D:9      | Found Reqyuq's Armour Shoppe.
 10800 | D:10     | Entered Level 10 of the Dungeon
 10885 | D:10     | Noticed a two-headed ogre
 10919 | D:10     | Reached XP level 11. HP: 69/71 MP: 1/11
 10928 | D:10     | Killed a two-headed ogre
 10928 | D:10     | Reached skill level 1 in Invocations
 11369 | D:10     | Noticed Erica
 11386 | D:10     | Killed Erica
 11386 | D:10     | Reached skill level 10 in Fighting
 11386 | D:10     | Reached skill level 10 in Armour
 11386 | D:10     | Reached skill level 10 in Shields
 11865 | D:10     | Noticed Nergalle
 11872 | D:10     | Noticed a spectral orc warlord
 11872 | D:10     | Noticed a spectral orc warlord
 11880 | D:10     | Killed Nergalle
 11880 | D:10     | Reached **** piety under the Shining One
 12517 | Lair:1   | Entered Level 1 of the Lair of Beasts
 13374 | Lair:1   | Reached XP level 12. HP: 52/79 MP: 15/15
 13969 | Lair:2   | Reached skill level 5 in Invocations
 14685 | Lair:2   | Reached skill level 10 in Maces & Flails
 15511 | Lair:3   | Noticed a four-headed hydra
 15523 | Lair:3   | Killed a four-headed hydra
 15881 | Lair:3   | The Shining One protects you from harm!
 15883 | Lair:3   | Slain by a spiny frog

Skill      XL: |  1  2  3  4  5  6  7  8  9 10 11 12 |
---------------+-------------------------------------+-----
Fighting       | 4 5 6 8 9 10 11 | 11.4
Shields        | 4 5 6 8 9 10 11 | 11.4
Armour         | 4 5 6 8 9 10 11 | 11.4
Maces & Flails | 3 4 5 7 8 9 10 | 10.3
Invocations    | 4 6 |  6.4

Action                   |  1- 3 |  4- 6 |  7- 9 | 10-12 || total
-------------------------+-------+-------+-------+-------++-------
Melee: Flail             |   181 |   241 |   557 |   713 ||  1692
  Use: Scroll            |       |       |     5 |     9 ||    14
  Eat: Chunk             |     1 |     4 |    12 |    14 ||    31
       Ration            |       |     1 |     2 |     3 ||     6
Armor: Scale mail        |   129 |   230 |   252 |    30 ||   641
       Plate armour      |       |       |       |   291 ||   291
Dodge: Dodged            |    55 |   128 |   190 |   126 ||   499
Block: Shield            |   113 |   213 |   317 |   392 ||  1035
